 Dungeon Crawl Stone Soup version 0.17-a0-1939-ga475588 (webtiles) character file.

49 barthelm the Grave Robber (level 3, -4/28 HPs)
             Began as a Ghoul Necromancer on Sept 29, 2015.
             Slain by a worm (6 damage)
             ... on level 2 of the Dungeon.
             The game lasted 00:06:36 (1022 turns).

barthelm the Grave Robber (Ghoul Necromancer)       Turns: 1022, Time: 00:06:36

Health: -4/28      AC:  2    Str: 12    XL:     3   Next: 77%
Magic:  1/5        EV: 12    Int: 10    God:
Gold:   45         SH:  0    Dex:  9    Spells: 1 memorised, 5 levels left

rFire  . . .     SeeInvis .     (no weapon)
rCold  + . .     Clarity  .     a - +0 robe
rNeg   + + +     SustAt   .     (no shield)
rPois  ∞         Gourm    .     (no helmet)
rElec  .         Spirit   .     (no cloak)
rCorr  .         Warding  .     (no gloves)
rMut   .         Stasis   .     (no boots)
MR     .....                    (no amulet)
Stlth  ++........               (no ring)
                                (no ring)

@: very slightly contaminated, rotting, not resistant to hostile enchantments,
unstealthy
A: rotting body, claws 1, carnivore 3, cold resistance 1, negative energy
resistance 3, slow healing 1, torment resistance, unbreathing
a: no special abilities


You were on level 2 of the Dungeon.
You were not hungry.

You visited 1 branch of the dungeon, and saw 2 of its levels.

You collected 45 gold pieces.

Inventory:

Missiles
 e - 3 tomahawks (quivered)
Armour
 a - a +0 robe (worn)
Jewellery
 h - an uncursed ring of protection from cold {unknown}
Scrolls
 f - a scroll of magic mapping {unknown}
 i - a scroll of enchant weapon {unknown}
 m - a scroll of remove curse {unknown}
 n - a scroll of identify {unknown}
Potions
 d - 3 potions of curing {unknown}
 g - a potion of degeneration {unknown}
 j - a potion of flight {unknown}
 k - a potion of haste {unknown}
 l - 2 potions of resistance {unknown}
 o - a potion of brilliance {unknown}
Books
 b - a book of Necromancy

   Spells                             Type                      Level
   a - Pain                           Necromancy                   1
   b - Animate Skeleton               Necromancy                   1
   c - Vampiric Draining              Necromancy                   3
   d - Regeneration                   Charms/Necromancy            3
   e - Animate Dead                   Necromancy                   4
   f - Control Undead                 Necromancy                   4
Comestibles
 c - a meat ration


   Skills:
 * Level 1.2 Fighting
 + Level 2.0 Dodging
 + Level 2.3 Stealth
 + Level 0.9 Unarmed Combat
 + Level 2.2 Spellcasting
 + Level 4.4 Necromancy


You had 5 spell levels left.
You knew the following spells:

 Your Spells              Type           Power        Failure   Level  Hunger
a - Pain                  Necr           ##..         6%          1    ##.....


Dungeon Overview and Level Annotations

Branches:
Dungeon (2/15)

Altars:


Innate Abilities, Weirdness & Mutations

Your body is rotting away.
You thrive on raw meat.
You are immune to poison.
You have sharp fingernails.
You are carnivorous and can eat meat at any time.
Your flesh is cold resistant.
You are immune to negative energy.
You heal slowly when monsters are visible.
You are immune to unholy pain and torment.
You can survive without breathing.


Message History

The worm is moderately wounded.
You scratch the worm.
The worm is moderately wounded.
The worm bites you but does no damage.
You scratch the worm. You claw the worm.
The worm is heavily wounded.
The worm barely misses you.
You scratch the worm.
The worm is severely wounded.
You scratch the worm but do no damage.
The worm is severely wounded.
The worm bites you!
* * * LOW HITPOINT WARNING * * *
You are too injured to fight recklessly!
You scratch the worm.
The worm is severely wounded.
You scratch the worm.
The worm is severely wounded.
The worm bites you.
You die...

#.# #.# #.##########
#####...........
....#...........
.##.#........ ..
.##.#........ .########
.##.#.##########........
.##.#.#........'@w......
.##.#.#.########........
#.....)....# #........
##..#.#....# #........
##..#.######## #........
.............. .>#######
##..#.######## #.#
##..#.###### #.#
.............


You could see a worm.

Vanquished Creatures
  2 adders
  2 worms (D:2)
  3 bats
  A goblin (D:2)
  3 hobgoblins (D:1)
  6 kobolds (D:1)
  4 giant cockroaches
  2 giant newts (D:1)
  2 rats (D:2)
25 creatures vanquished.

Notes
Turn   | Place    | Note
--------------------------------------------------------------
     0 | D:1      | barthelm the Ghoul Necromancer began the quest for the Orb.
     0 | D:1      | Reached XP level 1. HP: 14/14 MP: 2/2
   239 | D:1      | Reached XP level 2. HP: 19/19 MP: 0/3
   690 | D:1      | Reached XP level 3. HP: 13/27 MP: 0/5
   869 | D:2      | Reached skill level 1 in Fighting
  1022 | D:2      | Slain by a worm

Vault maps used:
D:1:      scummos_arrival_star
D:2:      makhleb_altar_promises_db

Action                   || total
-------------------------++-------
Melee: Unarmed           ||    98
 Cast: Pain              ||    36
 Stab: Sleeping          ||     4
  Eat: Chunk             ||    28
